 Dungeon Crawl Stone Soup version 0.17-a0-1310-gaf4f4d6 (webtiles) character file.

78 Geomchi the Ruffian (level 4, 0/37 HPs)
             Began as a Draconian Transmuter on June 8, 2015.
             Slain by Natasha (3 damage)
             ... on level 2 of the Dungeon.
             The game lasted 00:02:17 (1918 turns).

Geomchi the Ruffian (Draconian Transmuter)          Turns: 1918, Time: 00:02:17

Health: 0/37       AC:  5    Str: 13    XL:     4   Next: 15%
Magic:  7/7        EV: 12    Int: 13    God:
Gold:   52         SH:  0    Dex: 12    Spells: 1 memorised, 6 levels left

rFire  . . .     SeeInvis .       - Unarmed
rCold  . . .     Clarity  .     (armour unavailable)
rNeg   . . .     SustAt   .     (no shield)
rPois  .         Gourm    .     (helmet restricted)
rElec  .         Spirit   .     (no cloak)
rCorr  .         Warding  .     (no gloves)
rMut   .         Stasis   .     (no boots)
MR     .....                    (no amulet)
Stlth  +.........               (no ring)
                                (no ring)

@: slowed, very slow, not resistant to hostile enchantments, very unstealthy
A: unfitting armour, cold-blooded, AC +5
a: no special abilities


You were on level 2 of the Dungeon.
You were not hungry.

You visited 1 branch of the dungeon, and saw 2 of its levels.

You collected 52 gold pieces.

Inventory:

Missiles
 a - 12 arrows
Magical devices
 p - a wand of digging (8)
Scrolls
 f - a scroll of amnesia {unknown}
 g - 2 scrolls of random uselessness {unknown}
 i - a scroll of noise {unknown}
 j - a scroll of immolation {unknown}
 k - a scroll of identify {unknown}
Potions
 d - a potion of flight {unknown}
 e - a potion of curing {unknown}
 h - a potion of heal wounds {unknown}
 m - a potion of resistance {unknown}
 n - 2 potions of mutation {unknown}
Books
 b - a book of Changes

   Spells                             Type                      Level
   a - Beastly Appendage              Transmutation                1
   b - Sticks to Snakes               Transmutation                2
   c - Spider Form                    Transmutation/Poison         3
   d - Ice Form                       Ice/Transmutation            4
   e - Blade Hands                    Transmutation                5
Comestibles
 c - a bread ration {@e1}
 l - a beef jerky
 o - a meat ration {@e2}
 q - a chunk of flesh {@w0}


   Skills:
 + Level 2.5 Fighting
 + Level 2.6 Dodging
 + Level 3.8 Unarmed Combat
 - Level 2.0 Spellcasting
 - Level 2.0 Transmutations


You had 6 spell levels left.
You knew the following spells:

 Your Spells              Type           Power        Failure   Level  Hunger
a - Beastly Appendage     Trmt           #.....       12%         1    ##.....


Dungeon Overview and Level Annotations

Branches:
Dungeon (2/15)

Altars:

Annotations:
D:2 Natasha


Innate Abilities, Weirdness & Mutations

Your plain brown scales are hard (AC +5).
Your body does not fit into most forms of armour.
You are cold-blooded and may be slowed by cold attacks.


Message History

You barely miss something.
You hear some strange, mumbled words.
You hit something. Something claws you but does no damage. Something claws you.
* * * LOW HITPOINT WARNING * * *
You take 5 damage, and have 11/37 hp.
You miss something.
You hear some strange, mumbled words.
You feel as though you will be slow longer.
You completely miss something.
The crimson imp disappears in a puff of smoke!
Something claws you but does no damage. Something claws you.
* * * LOW HITPOINT WARNING * * *
You take 1 damage, and have 10/37 hp.
You miss something. You tail-slap something. Something claws you.
* * * LOW HITPOINT WARNING * * *
You take 3 damage, and have 7/37 hp.
You hit something. Something claws you.
* * * LOW HITPOINT WARNING * * *
Something claws you.
You die...

# ###.#.##.# #
##.###.# # #.#
#.# # #รท# #.#
#.# #.# #.# #.#
#.# #.#
#.#######.# #.#
..=..5{@..# #.#
#.#
#.###########.#
#.# #.....# #.#
#.##### #.# #.#
#.# #.# #.# #.#
#.# #.# #.# #.#
#.# #.# ##.##
#.# #.#


You could see a crimson imp.

Vanquished Creatures
  3 adders (D:2)
  A gnoll (D:1)
  An ooze (D:2)
  5 bats
  A giant cockroach (D:2)
  4 goblins
  4 hobgoblins
  3 giant geckos
  5 giant newts
  5 kobolds
  8 rats
40 creatures vanquished.

Notes
Turn   | Place    | Note
--------------------------------------------------------------
     0 | D:1      | Geomchi the Draconian Transmuter began the quest for the Orb.
     0 | D:1      | Reached XP level 1. HP: 16/16 MP: 3/3
    94 | D:1      | Reached XP level 2. HP: 18/24 MP: 3/5
  1108 | D:2      | Reached XP level 3. HP: 21/29 MP: 4/6
  1654 | D:2      | Reached XP level 4. HP: 14/37 MP: 7/7
  1894 | D:2      | Noticed Natasha
  1918 | D:2      | Slain by Natasha

Vault maps used:
D:1:      dpeg_arrival_short_road
D:2:      minitemple, kennysheep_generic_room_13, uniq_natasha

Action                   |  1- 3 |  4- 6 || total
-------------------------+-------+-------++-------
Melee: Unarmed           |   143 |    22 ||   165
 Cast: Beastly Appendage |    11 |     2 ||    13
 Stab: Sleeping          |     3 |       ||     3
  Eat: Chunk             |     3 |     1 ||     4
